Unix NetHack Version 5.0.0-0 post-release - last build Jun 10 2026 00:39:30 (3ee93aec679c4c4259841fe613dc97188e26a321,branch:main).

Game began 2026-06-30 15:13:56, ended 2026-06-30 15:30:13.

DaveT, lawful male human Priest

                                                                  -----
                                                                  .<..|
                                                                  |...|
                                                                  ---|-
                                                                     #
                                                                     %
                                                                     #
                                                                     #
                                                                    ##
                                                                   --.--
                                                                   |.).|
                                                                   ..u.|
                                                                   |f@.|
                                                                   ....|
                                                                   |...|
                                                                   -----

DaveT the Adept              St:14 Dx:12 Co:12 In:9 Wi:17 Ch:10  Lawful
Dlvl:8  $:1153 HP:0(45) Pw:89(89) AC:1  Xp:6 T:3862  Hungry   Burdened

Latest messages:
 You are surrounded by a shimmering light.
 The kitten starts to attack you, but pulls back.
 The pony starts to attack you, but pulls back.
 The pony starts to attack you, but pulls back.
 The kitten starts to attack you, but pulls back.
 The pony starts to attack you, but pulls back.
 The kitten starts to attack you, but pulls back.
 The pony starts to attack you, but pulls back.
 You finish your prayer.
 You feel that Issek is well-pleased.
 You feel much better.
 You hit the pony.
 The kitten misses!
 The pony kicks!
 The pony misses!
 The kitten bites!
 You miss the pony.
 The kitten bites!
 The kobold hits!
 The pony kicks!
 The pony bites!
 The pony kicks!
 The pony bites!
 You miss the pony.
 The kitten bites!
 The pony misses!
 The pony just misses!
 The kitten bites!
 The kobold hits!
 The pony kicks!
 The pony bites!
 What do you want to drink? [drRS or ?*] ?
 You feel better.
 The kitten misses!
 The kobold misses!
 The pony kicks!
 The pony bites!
 You kill the kobold!
 The kitten misses!
 The pony misses!
 The pony bites!
 The kitten bites!
 The kitten bites!
 The pony kicks!
 The pony bites!
 The kitten just misses!
 The pony kicks!
 You die...
 Do you want your possessions identified? [ynq] (y) y
 Do you want to see your attributes? [ynq] (y) q

Inventory:
 Coins    ('$')
  $ - 1153 gold pieces
 Weapons  (')')
  j - 4 cursed -1 arrows (in quiver)
  k - a +1 dagger
  E - the +1 Demonbane (weapon in right hand)
  a - a blessed +3 mace
 Armor    ('[')
  M - a blessed rusty +0 orcish helm (being worn)
  T - a very burnt +0 pair of elven boots (being worn)
  z - a +0 shield of reflection (being worn)
  O - a +0 mummy wrapping
  b - a rotted +0 robe (being worn)
  L - a +0 splint mail (being worn)
 Comestibles  ('%')
  f - a sprig of wolfsbane
 Scrolls  ('?')
  F - a cursed scroll of enchant weapon
  V - a scroll of identify
  P - a blessed scroll of scare monster
  s - 2 scrolls of teleportation
 Potions  ('!')
  R - a cursed potion of blindness
  S - a potion of healing
  d - 2 potions of holy water
  r - a potion of water
 Wands    ('/')
  Q - a wand of digging (0:7)
  t - a wand of digging (0:0)
 Tools    ('(')
  q - an oil lamp
  J - an oil lamp
  i - a towel
 Gems/Stones  ('*')
  x - a worthless piece of black glass
  y - 2 worthless pieces of red glass

DaveT the Priest's attributes:

Background:
 You were an Adept, a level 6 human Priest.
 You were lawful, on a mission for Issek
 who was opposed by Mog (neutral) and Kos (chaotic).
 You were right-handed.
 You were in the Dungeons of Doom, on level 8.
 You entered the dungeon 3862 turns ago.
 There was a full moon in effect when your adventure ended.
 You had 543 experience points, 97 more were needed to attain level 7.

Basics:
 You had 0 out of 45 hit points.
 You had all 89 energy points (spell power).
 Your armor class was 1.
 Your wallet contained 1153 zorkmids.
 Autopickup was off.

Final Characteristics:
 Your strength was 14 (limit:18/100).
 Your dexterity was 12 (limit:18).
 Your constitution was 12 (peak:14, limit:18).
 Your intelligence was 9 (limit:18).
 Your wisdom was 17 (limit:18).
 Your charisma was 10 (limit:18).

Final Status:
 You were hungry.
 You were burdened; movement was slightly slowed.
 You were wielding a mace.
 You were skilled in mace.

Final Attributes:
 You were piously aligned.
 You were stealthy.
 You were guarded.
 Your spell casting was impaired by metallic armor, mitigated by your robe.
 You had reflection.
 You were lucky.
 You are dead.

Miscellaneous:
 You didn't encounter any bones levels.
 Total elapsed playing time was 16 minutes and 16 seconds.

Major events:
 Turn
    1: DaveT the lawful human Priest entered the dungeon
  172: attained the rank of Acolyte (level 3)
  602: entered the Gnomish Mines
 2392: was bestowed with Demonbane by Issek
 2861: attained the rank of Adept (level 6)
 3862: killed by a pony

Spells:
 Name                 Level Category     Fail Retention
 healing                1   healing       98%  76%-100%
 remove curse           3   clerical      69%   81%-90%

Skills:
 Fighting Skills
   bare handed combat [Unskilled]
 Weapon Skills
   club               [Unskilled]
   mace               [Skilled]
   morning star       [Unskilled]
   flail              [Unskilled]
   hammer             [Unskilled]
   quarterstaff       [Unskilled]
   polearms           [Unskilled]
   spear              [Unskilled]
   trident            [Unskilled]
   lance              [Unskilled]
   bow                [Unskilled]
   sling              [Unskilled]
   crossbow           [Unskilled]
   dart               [Unskilled]
   shuriken           [Unskilled]
   boomerang          [Unskilled]
   unicorn horn       [Unskilled]
 Spellcasting Skills
   healing spells     [Unskilled]
   divination spells  [Unskilled]
   clerical spells    [Basic]

Voluntary challenges:
 Character rerolling was not enabled.
 You never genocided any monsters.
 You never polymorphed an object.
 You never changed form.
 You used no wishes.
Achievements:
 You attained the rank of Acolyte.
 You entered the Gnomish Mines.
 You entered a shop.
 You attained the rank of Adept.

 The Dungeons of Doom: levels 1 to 8
    Level 1: "empty vault"
       A fountain.
    Level 2:
       Stairs down to The Gnomish Mines.
    Level 3:
    Level 4: "vault"
       An altar, a fountain.
    Level 5:
       An altar to Issek.
    Level 6:
       A general store, a sink.
    Level 7:
       A fountain.
    Level 8: <- You were here.
       Final resting place for
          you, killed by a pony.
 The Gnomish Mines:
    Level 3:


Vanquished creatures:
  a ghost
  a small mimic
  a dwarf mummy
  a brown pudding
  a housecat
  a human zombie
  a Woodland-elf
 an imp
  a rock piercer
  a yellow light
  a kobold mummy
  a gray ooze
  a ghoul
  3 little dogs
  2 floating eyes
  a kitten
  a homunculus
  2 kobold leaders
  7 hill orcs
  a rothe
  a wererat
 an iguana
 an acid blob
  3 coyotes
  a gas spore
  a manes
  a hobgoblin
  a cave spider
  a red mold
  4 garter snakes
  a gecko
  7 jackals
  2 kobolds
  a goblin
  3 sewer rats
  4 grid bugs
  a bat
  3 lichens
  a kobold zombie
  6 newts
74 creatures vanquished.

No species were genocided or became extinct.

Game over:
                       ----------
                      /          \
                     /    REST    \
                    /      IN      \
                   /     PEACE      \
                  /                  \
                  |      DaveT       |
                  |     1153 Au      |
                  | killed by a pony |
                  |                  |
                  |                  |
                  |                  |
                  |       2026       |
                 *|     *  *  *      | *
        _________)/\\_//(\/(/\)/\//\/|_)_______

Goodbye DaveT the Priest...

You died in The Dungeons of Doom on dungeon level 8 with 4004 points,
and 1153 pieces of gold, after 3862 moves.
You were level 6 with a maximum of 45 hit points when you died.

